[Event "Al Mahmud Memorial Probashi Chess-ch 202"]
[Site "Dhaka"]
[Date "2022.02.06"]
[Round "2.3"]
[White "Nasim Hossain, Bhuiyan"]
[Black "Mehdi Hasan Parag"]
[Result "0-1"]
[ECO "A08"]
[WhiteElo "1859"]
[BlackElo "2258"]
[Annotator "ChessBase"]
[PlyCount "76"]
[EventDate "2022.02.06"]
[EventCountry "BAN"]
[SourceTitle "playchess.com"]
[Source "ChessBase"]
[SourceQuality "1"]
[TimeControl "5400+30"]

1. Nf3 c5 2. d3 Nc6 3. g3 d5 4. Bg2 Bg4 5. O-O Nf6 6. Nbd2 Qc8 7. b3 Bh3 8. Bb2 Bxg2 9. Kxg2 e6 10. e4 d4 11. c3 e5 12. cxd4 cxd4 13. Rc1 Nd7 14. Nc4 Be7 15. Ncxe5 Ndxe5 16. Nxe5 O-O 17. Nxc6 bxc6 18. Bxd4 Rd8 19. Ba1 Rd6 20. d4 Rh6 21. g4 Qe6 22. f3 Bg5 23. Rc5 Bf4 24. h3 g5 25. Rh1 Rd8 26. d5 cxd5 27. Qd4 Kf8 28. Rd1 Qa6 29. a4 Qe2+ 30. Qf2 Qxd1 31. Qb2 Qd2+ 32. Qxd2 Bxd2 33. exd5 Rhd6 34. Rc7 Bf4 35. Rxa7 Rxd5 36. Bc3 Rc8 37. Bb4+ Kg8 38. Rb7 Rc2+ 0-1

[Event "Al Mahmud Memorial Probashi Chess-ch 202"]
[Site "Dhaka"]
[Date "2022.02.06"]
[Round "2.4"]
[White "Abu Sufian, Shakil"]
[Black "Islam, M.M. Zahirul"]
[Result "1-0"]
[ECO "C10"]
[WhiteElo "2232"]
[BlackElo "1853"]
[Annotator "ChessBase"]
[PlyCount "105"]
[EventDate "2022.02.06"]
[EventCountry "BAN"]
[SourceTitle "playchess.com"]
[Source "ChessBase"]
[SourceQuality "1"]
[TimeControl "5400+30"]

1. e4 e6 2. d4 d5 3. Nc3 dxe4 4. Nxe4 Nd7 5. c3 Ngf6 6. Bd3 Be7 7. Nf3 Nxe4 8. Bxe4 Nf6 9. Bc2 O-O 10. O-O b6 11. Qd3 Bb7 12. Re1 c5 13. Bg5 g6 14. Bh6 Re8 15. Ba4 Nd7 16. Qb5 Bxf3 17. gxf3 Nf6 18. Qe2 Nd7 19. dxc5 Bg5 20. Bxd7 Bxh6 21. Bxe8 Qg5+ 22. Kh1 Rxe8 23. cxb6 axb6 24. Qe4 Rd8 25. Rad1 Rd2 26. Rxd2 Qxd2 27. Re2 Qc1+ 28. Kg2 Qg5+ 29. Qg4 Qd5 30. c4 Qd6 31. Qe4 Bf4 32. h3 e5 33. a3 Qf6 34. Rc2 Qg5+ 35. Kf1 Qh4 36. b4 Qxh3+ 37. Ke2 Qc8 38. c5 bxc5 39. bxc5 h5 40. c6 h4 41. c7 Kg7 42. Qc6 h3 43. Rb2 h2 44. Rb8 Qxc7 45. Qxc7 h1=Q 46. Rb7 Qa1 47. Qxf7+ Kh6 48. Qf8+ Kg5 49. Qd8+ Kh5 50. Rh7+ Bh6 51. Qd7 Qa2+ 52. Kf1 g5 53. Qh3+ 1-0

[Event "Al Mahmud Memorial Probashi Chess-ch 202"]
[Site "Dhaka"]
[Date "2022.02.06"]
[Round "2.5"]
[White "Marzouq, Chowdhury"]
[Black "Md., Sharif Hossain"]
[Result "0-1"]
[ECO "D45"]
[WhiteElo "1855"]
[BlackElo "2211"]
[Annotator "ChessBase"]
[PlyCount "58"]
[EventDate "2022.02.06"]
[EventCountry "BAN"]
[SourceTitle "playchess.com"]
[Source "ChessBase"]
[SourceQuality "1"]
[TimeControl "5400+30"]

1. d4 d5 2. c4 c6 3. Nc3 Nf6 4. e3 e6 5. Nf3 Nbd7 6. Be2 Bd6 7. O-O O-O 8. b3 b6 9. Bb2 Re8 10. Bd3 e5 11. dxe5 Nxe5 12. h3 Nxd3 13. Qxd3 Ba6 14. Rfd1 Qe7 15. Nd4 Bc7 16. Qf5 Bc8 17. Qf3 Qd6 18. cxd5 Qh2+ 19. Kf1 Ba6+ 20. Ke1 Nxd5 21. Nxd5 cxd5 22. Nf5 Be5 23. Bxe5 Qxe5 24. Rac1 Rad8 25. Rd4 Bc8 26. Rf4 d4 27. Nxd4 g5 28. Rxf7 Qxd4 29. Rcc7 Qa1+ 0-1

[Event "Al Mahmud Memorial Probashi Chess-ch 202"]
[Site "Dhaka"]
[Date "2022.02.06"]
[Round "2.6"]
[White "Manon, Reja Neer"]
[Black "Jodunath, Biswas"]
[Result "1/2-1/2"]
[ECO "A41"]
[WhiteElo "2209"]
[BlackElo "1845"]
[Annotator "ChessBase"]
[PlyCount "104"]
[EventDate "2022.02.06"]
[EventCountry "BAN"]
[SourceTitle "playchess.com"]
[Source "ChessBase"]
[SourceQuality "1"]
[TimeControl "5400+30"]

1. e4 d6 2. d4 Nf6 3. Bd3 c6 4. Nf3 Bg4 5. Be3 Nbd7 6. Nbd2 e5 7. h3 exd4 8. Bxd4 Be6 9. Qe2 Be7 10. O-O O-O 11. Rad1 Re8 12. Ng5 h6 13. Nxe6 fxe6 14. e5 dxe5 15. Bxe5 Nxe5 16. Qxe5 Qd5 17. Qe2 Bc5 18. Nb3 Qg5 19. Bc4 Bb6 20. Nd4 Nd5 21. Nxe6 Qf6 22. Rxd5 cxd5 23. Bxd5 Kh8 24. c4 Re7 25. Re1 Ba5 26. Rd1 Rae8 27. Qe4 Rxe6 28. Bxe6 Qxe6 29. Qxb7 Bb6 30. Qd5 Qe7 31. Qd3 Qf6 32. Qc2 Re5 33. b4 Qe7 34. c5 Re1+ 35. Kh2 Bc7+ 36. g3 Qe2 37. Qxe2 Rxe2 38. Rd7 Rxf2+ 39. Kg1 Bxg3 40. Rxa7 Rc2 41. a3 Kh7 42. Rb7 Kg6 43. a4 Kf6 44. a5 g5 45. a6 Kf5 46. a7 Ra2 47. c6 Ke4 48. Rf7 Bf4 49. c7 Kf3 50. Rxf4+ gxf4 51. c8=Q Ra1+ 52. Kh2 Ra2+ 1/2-1/2

[Event "Al Mahmud Memorial Probashi Chess-ch 202"]
[Site "Dhaka"]
[Date "2022.02.06"]
[Round "2.7"]
[White "Jannatul, Ferdous"]
[Black "Subrota, Biswas"]
[Result "0-1"]
[ECO "B15"]
[WhiteElo "1852"]
[BlackElo "2202"]
[Annotator "ChessBase"]
[PlyCount "106"]
[EventDate "2022.02.06"]
[EventCountry "BAN"]
[SourceTitle "playchess.com"]
[Source "ChessBase"]
[SourceQuality "1"]
[TimeControl "5400+30"]

1. e4 c6 2. d4 d5 3. Nc3 dxe4 4. Nxe4 Nf6 5. Nxf6+ exf6 6. c3 Bd6 7. Bd3 O-O 8. Qc2 Re8+ 9. Ne2 h5 10. Be3 Nd7 11. O-O-O Nf8 12. Kb1 Be6 13. c4 Rc8 14. h3 b5 15. c5 Bc7 16. Be4 Qd7 17. Ka1 f5 18. Bf3 Nh7 19. d5 cxd5 20. Nc3 Nf6 21. Bg5 Be5 22. Bxf6 Bxf6 23. Nxd5 Bxd5 24. Rxd5 Qe7 25. Qxf5 a5 26. Kb1 Rc7 27. c6 Rxc6 28. Re5 Qxe5 29. Qxe5 Rxe5 30. Bxc6 Re2 31. b3 Rb2+ 32. Kc1 Rxa2 33. g4 a4 34. bxa4 bxa4 35. Re1 Ra1+ 36. Kd2 Bc3+ 37. Kxc3 Rxe1 38. Bxa4 hxg4 39. hxg4 Re2 40. Kd3 Rxf2 41. Ke3 Rf6 42. Bb5 g5 43. Bd3 Rf4 44. Be2 Kg7 45. Bd1 Kf6 46. Be2 Ke6 47. Bd1 Ke5 48. Bb3 Rxg4 49. Bxf7 Re4+ 50. Kd3 g4 51. Bg6 Rd4+ 52. Ke3 g3 53. Be8 Rg4 0-1

[Event "Al Mahmud Memorial Probashi Chess-ch 202"]
[Site "Dhaka"]
[Date "2022.02.06"]
[Round "2.8"]
[White "Md, Asifur Rahman"]
[Black "Ahmed, Sheikh Nasir"]
[Result "1/2-1/2"]
[ECO "B85"]
[WhiteElo "1845"]
[BlackElo "2168"]
[Annotator "ChessBase"]
[PlyCount "86"]
[EventDate "2022.02.06"]
[EventCountry "BAN"]
[SourceTitle "playchess.com"]
[Source "ChessBase"]
[SourceQuality "1"]
[TimeControl "5400+30"]

1. e4 c5 2. Nf3 e6 3. d4 cxd4 4. Nxd4 Nc6 5. Nc3 Qc7 6. Be3 a6 7. Be2 Nf6 8. O-O Be7 9. f4 d6 10. Qe1 O-O 11. Qg3 Bd7 12. Kh1 b5 13. a3 Rfe8 14. Nxc6 Bxc6 15. Bd4 Qb7 16. Bf3 g6 17. Rae1 Nd7 18. f5 Bf8 19. fxg6 hxg6 20. Bh5 Ne5 21. Bxe5 dxe5 22. Bf3 Qc7 23. h4 Kg7 24. Nd1 Be7 25. h5 Rh8 26. Nf2 Rxh5+ 27. Bxh5 Rh8 28. Nh3 Rxh5 29. Re2 Qb7 30. Qd3 Rh4 31. Rfe1 g5 32. Kg1 Bc5+ 33. Nf2 Qe7 34. b4 Bd4 35. c3 Ba7 36. Rd1 Qf6 37. Rf1 Qh6 38. Re3 Bxe3 39. Qxe3 Qg6 40. Qc5 Bb7 41. Qxe5+ Kh7 42. Qc7 Ba8 43. Nh3 Kg7 1/2-1/2

[Event "Al Mahmud Memorial Probashi Chess-ch 202"]
[Site "Dhaka"]
[Date "2022.02.06"]
[Round "2.9"]
[White "Sadnan Hasan, Dihan"]
[Black "Hasan, Sk. Rashedul"]
[Result "1-0"]
[ECO "C41"]
[WhiteElo "2152"]
[BlackElo "1842"]
[Annotator "ChessBase"]
[PlyCount "101"]
[EventDate "2022.02.06"]
[EventCountry "BAN"]
[SourceTitle "playchess.com"]
[Source "ChessBase"]
[SourceQuality "1"]
[TimeControl "5400+30"]

1. e4 d6 2. d4 Nf6 3. Nc3 e5 4. Nf3 Nbd7 5. dxe5 dxe5 6. Bg5 Be7 7. Bc4 c6 8. Qe2 Qc7 9. a4 O-O 10. Bh4 Nc5 11. Bg3 Bg4 12. h3 Bh5 13. Bh2 Bd6 14. Rb1 Bg6 15. Nd2 Rfe8 16. g4 Ne6 17. Bxe6 Rxe6 18. f3 Bb4 19. Nd1 Rd8 20. c3 Be7 21. Bg3 Qa5 22. Ra1 Nd7 23. Nc4 Qc7 24. Nf2 b5 25. axb5 cxb5 26. Ne3 Bg5 27. Nd5 Qb8 28. h4 Bf4 29. Bxf4 exf4 30. h5 Nc5 31. Rd1 Bxe4 32. fxe4 Rde8 33. O-O Nxe4 34. Nxe4 Rxe4 35. Qf3 a5 36. h6 Qa7+ 37. Rd4 Rxd4 38. cxd4 Qxd4+ 39. Rf2 g5 40. Qc3 Qxc3 41. bxc3 Re6 42. Nc7 Rxh6 43. Nxb5 Kf8 44. Nd4 Rh3 45. Rc2 Rg3+ 46. Kf2 Rxg4 47. c4 Rg3 48. c5 Rd3 49. c6 g4 50. c7 g3+ 51. Kg2 1-0

[Event "Al Mahmud Memorial Probashi Chess-ch 202"]
[Site "Dhaka"]
[Date "2022.02.06"]
[Round "2.10"]
[White "Labib, Ibrahim Hasan"]
[Black "Nayem, Haque"]
[Result "0-1"]
[ECO "C56"]
[WhiteElo "2409"]
[BlackElo "2150"]
[Annotator "ChessBase"]
[PlyCount "89"]
[EventDate "2022.02.06"]
[EventCountry "BAN"]
[SourceTitle "playchess.com"]
[Source "ChessBase"]
[SourceQuality "1"]
[TimeControl "5400+30"]

1. e4 e5 2. Bc4 Nf6 3. Nf3 Nc6 4. d4 exd4 5. O-O Nxe4 6. Re1 d5 7. Bxd5 Qxd5 8. Nc3 Qd8 9. Nxe4 Be7 10. Bg5 O-O 11. Bxe7 Nxe7 12. Nxd4 Ng6 13. c3 Qh4 14. Re3 Bg4 15. Qb3 b6 16. Ng3 c5 17. Ndf5 Qf6 18. Qc2 Rad8 19. Rae1 Rd5 20. Ne7+ Nxe7 21. Rxe7 Rd1 22. Qe4 Rxe1+ 23. Qxe1 Be6 24. Rxa7 Rd8 25. h3 g6 26. Qe3 Bd5 27. b3 Bc6 28. c4 h5 29. Qe7 Rd1+ 30. Nf1 Qf4 31. Qe3 Qe4 32. Qxe4 Bxe4 33. Ra6 Bd3 34. Rxb6 Rxf1+ 35. Kh2 Rxf2 36. Rb8+ Kg7 37. a4 h4 38. Re8 Rb2 39. a5 Ra2 40. Re5 Rxa5 41. b4 Ra4 42. bxc5 Rxc4 43. Rd5 Be4 44. Re5 Bc6 45. Rd5 0-1

[Event "Al Mahmud Memorial Probashi Chess-ch 202"]
[Site "Dhaka"]
[Date "2022.02.07"]
[Round "3.10"]
[White "Rahman, Syed Mahfuzur"]
[Black "Gias Uddin, Ahmed"]
[Result "0-1"]
[ECO "B09"]
[WhiteElo "2099"]
[BlackElo "1801"]
[Annotator "RC"]
[PlyCount "162"]
[EventDate "2022.02.06"]
[EventCountry "BAN"]
[SourceTitle "playchess.com"]
[Source "ChessBase"]
[SourceQuality "1"]
[TimeControl "5400+30"]

1. d4 d6 2. e4 Nf6 3. Nc3 g6 4. f4 Bg7 5. Nf3 c6 6. Bd3 e6 7. O-O d5 8. e5 Nfd7 9. Ne2 c5 10. c3 b6 11. Be3 Bb7 12. Ng5 Qe7 13. Re1 h6 14. Nf3 Nc6 15. Bf2 Qd8 16. Rc1 c4 17. Bc2 Bf8 18. b3 Na5 19. Ng3 Be7 20. h4 Qc7 21. h5 Nf8 22. Nd2 b5 23. bxc4 bxc4 24. Qg4 O-O-O 25. hxg6 fxg6 26. Bxg6 Rg8 27. f5 Bg5 28. Be3 Nxg6 29. fxg6 Rxg6 30. Bxg5 hxg5 31. Nh5 Rh8 32. Nf6 Qe7 33. Nf3 Kb8 34. Kf2 Bc8 35. Rh1 Rgh6 36. Rb1+ Nb7 37. Rxh6 Rxh6 38. Ng8 Qh7 39. Rxb7+ Kxb7 40. Nxh6 Qxh6 41. Qxg5 Qh7 42. Qc1 Bd7 43. Qb2+ Kc8 44. Qd2 Be8 45. Kg3 Bh5 46. Qg5 Kd7 47. Qf6 Qg8+ 48. Ng5 Bg6 49. Kf4 Be8 50. g4 Bg6 51. Nf3 Bd3 52. Ng5 Bg6 53. Kg3 Be8 54. Kf3 Bg6 55. Ke3 Be8 56. Kd2 Bg6 57. Kc1 Be8 58. Kb2 a6 59. Ka3 a5 60. Ka4 Kc7+ 61. Ka3 Kd7 62. Ka4 Kc7+ 63. Kxa5 Bd7 64. Kb4 Qb8+ 65. Ka3 Qa7+ 66. Kb2 Qb6+ 67. Ka1 Qa5 68. Qf3 Qa3 69. Qe3 Qf8 70. Qf3 Qa3 71. Kb1 Kb6 72. Nh3 Ba4 73. Nf2 Be8 74. Qe3 Bg6+ 75. Ka1 Qf8 76. Qd2 Qf3 77. Kb2 Ka5 78. g5 Qg2 79. Qf4 Qf1 80. Ka3 Qe1 81. Qf3 Qc1# 0-1

[Event "Al Mahmud Memorial Probashi Chess-ch 202"]
[Site "Dhaka"]
[Date "2022.02.10"]
[Round "6.4"]
[White "Sadnan Hasan, Dihan"]
[Black "Zia, Tahsin Tajwar"]
[Result "1/2-1/2"]
[ECO "A00"]
[WhiteElo "2152"]
[BlackElo "2283"]
[Annotator "ChessBase"]
[PlyCount "50"]
[EventDate "2022.02.06"]
[EventCountry "BAN"]
[SourceTitle "playchess.com"]
[Source "ChessBase"]
[SourceQuality "1"]
[TimeControl "5400+30"]

1. a3 Nf6 2. Nf3 d5 3. d4 e6 4. e3 Bd6 5. Nbd2 b6 6. c4 O-O 7. Qc2 Nbd7 8. Bd3 Bb7 9. b3 Qe7 10. Bb2 Rfe8 11. O-O e5 12. c5 e4 13. cxd6 cxd6 14. Be2 Rac8 15. Qb1 exf3 16. gxf3 Nh5 17. Bd3 g6 18. a4 a6 19. Rc1 Nf8 20. Kh1 Ne6 21. Rg1 Neg7 22. Qf1 Ra8 23. Rc1 Rec8 24. Ba3 f5 25. Qg2 Kf7 1/2-1/2

[Event "Al Mahmud Memorial Probashi Chess-ch 202"]
[Site "Dhaka"]
[Date "2022.02.12"]
[Round "8.2"]
[White "Anata, Choudhury"]
[Black "Zia, Tahsin Tajwar"]
[Result "1/2-1/2"]
[ECO "B13"]
[WhiteElo "2170"]
[BlackElo "2283"]
[Annotator "ChessBase"]
[PlyCount "79"]
[EventDate "2022.02.06"]
[EventCountry "BAN"]
[SourceTitle "playchess.com"]
[Source "ChessBase"]
[SourceQuality "1"]
[TimeControl "5400+30"]

1. e4 c6 2. d4 d5 3. exd5 cxd5 4. Bd3 Nc6 5. c3 Nf6 6. h3 g6 7. Nf3 Bf5 8. Be2 Bg7 9. O-O Qc7 10. Be3 h6 11. Nbd2 g5 12. Nh2 e6 13. Rc1 Bf8 14. b4 Bd6 15. Ng4 Bxg4 16. hxg4 Kf8 17. b5 Ne7 18. c4 Qb8 19. Re1 Kg7 20. Bf3 dxc4 21. Nxc4 Ned5 22. Ne5 Rc8 23. Bd2 a6 24. bxa6 Rxa6 25. Rxc8 Qxc8 26. a4 Rb6 27. Be2 Nc3 28. Bxc3 Qxc3 29. Bb5 Bxe5 30. dxe5 Nd5 31. Re2 Qc7 32. Qe1 Qc5 33. Re4 Nc3 34. Rc4 Qxc4 35. Bxc4 Rb1 36. Qxb1 Nxb1 37. a5 Nd2 38. a6 bxa6 39. Bxa6 f6 40. exf6+ 1/2-1/2

[Event "Al Mahmud Memorial Probashi Chess-ch 202"]
[Site "Dhaka"]
[Date "2022.02.12"]
[Round "8.3"]
[White "Ahmed, Sheikh Nasir"]
[Black "Abu Sufian, Shakil"]
[Result "1/2-1/2"]
[ECO "B18"]
[WhiteElo "2168"]
[BlackElo "2232"]
[Annotator "ChessBase"]
[PlyCount "96"]
[EventDate "2022.02.06"]
[EventCountry "BAN"]
[SourceTitle "playchess.com"]
[Source "ChessBase"]
[SourceQuality "1"]
[TimeControl "5400+30"]

1. e4 c6 2. d4 d5 3. Nc3 dxe4 4. Nxe4 Bf5 5. Qf3 Bg6 6. c3 Nd7 7. Nh3 Ngf6 8. Nxf6+ Nxf6 9. Nf4 Be4 10. Qe3 Bf5 11. Bd3 Bxd3 12. Nxd3 e6 13. Bd2 Bd6 14. O-O-O Nd5 15. Qe4 b5 16. h4 Qc7 17. h5 h6 18. f4 O-O-O 19. g4 a5 20. g5 Rde8 21. Kb1 a4 22. Rdf1 Kb7 23. Rf3 Qd7 24. Ne5 Bxe5 25. fxe5 hxg5 26. Bxg5 Ref8 27. Qh4 f6 28. exf6 gxf6 29. Bc1 Qh7+ 30. Ka1 Rhg8 31. Qe1 Re8 32. h6 e5 33. dxe5 Rxe5 34. Qf1 a3 35. bxa3 Rge8 36. Qd3 f5 37. Bd2 Nb6 38. Rhf1 Nc4 39. Bc1 Re1 40. Rxe1 Rxe1 41. Rf1 Ne5 42. Qh3 Re2 43. Qxf5 Qg8 44. Bb2 Qg2 45. Rb1 Nc4 46. Qd7+ Kb6 47. Qd8+ Kb7 48. Qd7+ Kb6 1/2-1/2

[Event "Al Mahmud Memorial Probashi Chess-ch 202"]
[Site "Dhaka"]
[Date "2022.02.12"]
[Round "8.4"]
[White "Nayem, Haque"]
[Black "Md., Sharif Hossain"]
[Result "1-0"]
[ECO "B51"]
[WhiteElo "2150"]
[BlackElo "2211"]
[Annotator "ChessBase"]
[PlyCount "108"]
[EventDate "2022.02.06"]
[EventCountry "BAN"]
[SourceTitle "playchess.com"]
[Source "ChessBase"]
[SourceQuality "1"]
[TimeControl "5400+30"]

1. e4 c5 2. Nf3 d6 3. Bb5+ Nd7 4. c3 a6 5. Bd3 g6 6. Bc2 Bg7 7. d4 Ngf6 8. e5 dxe5 9. dxe5 Ng4 10. e6 fxe6 11. Ng5 Nde5 12. Qxd8+ Kxd8 13. f4 h6 14. Nh3 Nc4 15. Bxg6 Bd7 16. Bd3 Nd6 17. Be2 e5 18. fxe5 Bxe5 19. Nf4 Rg8 20. Bf3 Bxf4 21. Bxf4 e5 22. Bg3 Ne3 23. Na3 e4 24. Bxd6 exf3 25. gxf3 Rg2 26. Bxc5 Kc7 27. Bxe3 Re8 28. Nc4 Bb5 29. O-O-O Bxc4 30. Bxh6 Bxa2 31. Rd2 Ree2 32. Rxe2 Rxe2 33. h4 Bb3 34. h5 Rc2+ 35. Kb1 Re2 36. Bf4+ Kc6 37. h6 Bc2+ 38. Ka2 Bh7 39. Rg1 Re7 40. Rd1 Rf7 41. Rd6+ Kc5 42. Rd4 Kb5 43. b3 Kc5 44. Ka3 a5 45. Bd6+ Kc6 46. Bf4 Kc5 47. Rc4+ Kb5 48. Rc7 Rxc7 49. Bxc7 Bg8 50. c4+ Ka6 51. Kb2 b5 52. cxb5+ Kxb5 53. Kc3 a4 54. bxa4+ Kxa4 1-0

[Event "Al Mahmud Memorial Probashi Chess-ch 202"]
[Site "Dhaka"]
[Date "2022.02.12"]
[Round "8.5"]
[White "Rahman, Syed Mahfuzur"]
[Black "Manon, Reja Neer"]
[Result "1/2-1/2"]
[ECO "B04"]
[WhiteElo "2099"]
[BlackElo "2209"]
[Annotator "ChessBase"]
[PlyCount "105"]
[EventDate "2022.02.06"]
[EventCountry "BAN"]
[SourceTitle "playchess.com"]
[Source "ChessBase"]
[SourceQuality "1"]
[TimeControl "5400+30"]

1. e4 Nf6 2. e5 Nd5 3. c4 Nb6 4. d4 d6 5. Nf3 g6 6. Be2 Bg7 7. O-O O-O 8. Nc3 Bg4 9. exd6 cxd6 10. Be3 Nc6 11. b3 Rc8 12. h3 Bxf3 13. Bxf3 Nd7 14. Qd2 Qa5 15. Rad1 a6 16. Rfe1 Rfe8 17. a3 e5 18. b4 Qc7 19. Nd5 Qb8 20. b5 axb5 21. cxb5 Nd8 22. Qb4 Bf8 23. a4 Ne6 24. a5 f5 25. g3 Kh8 26. b6 Bg7 27. Qb5 Ndf8 28. dxe5 dxe5 29. Nb4 f4 30. gxf4 exf4 31. Bc1 Rc5 32. Qe2 Re5 33. Qd3 Nc5 34. Qf1 Nfd7 35. Kh2 Rxe1 36. Rxe1 Ne5 37. Bd5 g5 38. f3 Qd6 39. Rd1 Qh6 40. Kg2 Qg6 41. Kh2 h5 42. Qf2 g4 43. hxg4 hxg4 44. Qh4+ Qh6 45. Qxh6+ Bxh6 46. Bb2 gxf3 47. Bxf3 Bg7 48. Bxe5 Rxe5 49. Rd5 Rxd5 50. Bxd5 Bc3 51. Bxb7 Bxb4 52. a6 Na4 53. Kh3 1/2-1/2

[Event "Al Mahmud Memorial Probashi Chess-ch 202"]
[Site "Dhaka"]
[Date "2022.02.12"]
[Round "8.7"]
[White "Mohammad Minhaz Uddin"]
[Black "Sakline Mostafa, Sajid"]
[Result "1/2-1/2"]
[ECO "B45"]
[WhiteElo "2267"]
[BlackElo "2089"]
[Annotator "ChessBase"]
[PlyCount "85"]
[EventDate "2022.02.06"]
[EventCountry "BAN"]
[SourceTitle "playchess.com"]
[Source "ChessBase"]
[SourceQuality "1"]
[TimeControl "5400+30"]

1. e4 c5 2. Nf3 e6 3. d4 cxd4 4. Nxd4 Nc6 5. Nc3 Nf6 6. Ndb5 Bb4 7. a3 Bxc3+ 8. Nxc3 d5 9. exd5 exd5 10. Bd3 O-O 11. O-O d4 12. Ne2 Bg4 13. Bg5 Re8 14. Re1 Qd6 15. Qd2 Bxe2 16. Rxe2 Rxe2 17. Qxe2 Re8 18. Qf3 Ne5 19. Qf4 Qb6 20. Bxf6 Qxf6 21. Qxf6 gxf6 22. Bf5 Rd8 23. b3 Rd6 24. f4 Ng6 25. g3 Ne7 26. Be4 Nd5 27. Kf2 Ne3 28. Ke2 f5 29. Bd3 Re6 30. Kd2 Kg7 31. Re1 Kf6 32. h3 h5 33. h4 Ng4 34. Bc4 Rd6 35. Re2 Ne3 36. Kd3 a6 37. a4 Nf1 38. Rg2 Ne3 39. Re2 Nf1 40. Rg2 Ne3 41. Rf2 Nd1 42. Re2 Ne3 43. Rf2 1/2-1/2

[Event "Al Mahmud Memorial Probashi Chess-ch 202"]
[Site "Dhaka"]
[Date "2022.02.12"]
[Round "8.8"]
[White "Mehdi Hasan Parag"]
[Black "Ikramul, Haq Siam"]
[Result "1-0"]
[ECO "C02"]
[WhiteElo "2258"]
[BlackElo "2075"]
[Annotator "ChessBase"]
[PlyCount "63"]
[EventDate "2022.02.06"]
[EventCountry "BAN"]
[SourceTitle "playchess.com"]
[Source "ChessBase"]
[SourceQuality "1"]
[TimeControl "5400+30"]

1. e4 e6 2. d4 d5 3. e5 c5 4. c3 Qb6 5. Nf3 Nc6 6. Be2 cxd4 7. cxd4 Nh6 8. Bxh6 Qxb2 9. Nbd2 gxh6 10. O-O a6 11. Nb3 Qa3 12. Ne1 Bg7 13. f4 O-O 14. Rf3 Qe7 15. Rc1 f6 16. Nc5 b6 17. Na4 Qc7 18. Rfc3 Bd7 19. Nf3 f5 20. Qf1 Qb7 21. Rb1 Nxe5 22. dxe5 Bxa4 23. Rbc1 Rf7 24. Nd4 Qd7 25. Bxa6 Bf8 26. Bc8 Rxc8 27. Rxc8 Kg7 28. Qf2 Re7 29. Qh4 Re8 30. R8c7 Bc5 31. Rxd7+ Bxd7 32. Kh1 1-0

[Event "Al Mahmud Memorial Probashi Chess-ch 202"]
[Site "Dhaka"]
[Date "2022.02.12"]
[Round "8.9"]
[White "Chowdhury, Sohel"]
[Black "Subrota, Biswas"]
[Result "1/2-1/2"]
[ECO "B15"]
[WhiteElo "2046"]
[BlackElo "2202"]
[Annotator "ChessBase"]
[PlyCount "82"]
[EventDate "2022.02.06"]
[EventCountry "BAN"]
[SourceTitle "playchess.com"]
[Source "ChessBase"]
[SourceQuality "1"]
[TimeControl "5400+30"]

1. e4 c6 2. d4 d5 3. Nd2 dxe4 4. Nxe4 Nf6 5. Ng5 c5 6. Bc4 e6 7. Ne2 Nc6 8. Nf3 Bd7 9. c3 Rc8 10. Bd3 cxd4 11. Nexd4 Bd6 12. O-O O-O 13. Bg5 h6 14. Bh4 Qb6 15. Bxf6 gxf6 16. Nxc6 Rxc6 17. Nd2 f5 18. Nc4 Qc7 19. Nxd6 Rxd6 20. Qe2 Rd8 21. Rfd1 a6 22. Bc2 Bb5 23. Qe1 Qc4 24. Rxd6 Rxd6 25. Qe3 Kh7 26. h3 Rd8 27. b3 Qh4 28. Rd1 Rg8 29. Rd4 Qf6 30. Bd1 e5 31. Rd2 f4 32. Qe4+ Kh8 33. Bc2 Rg6 34. f3 Bc6 35. Qe2 Rg5 36. Be4 Be8 37. Qd3 Rg8 38. Qd6 Qh4 39. Qxe5+ f6 40. Qe7 Qe1+ 41. Kh2 Qg3+ 1/2-1/2

[Event "Al Mahmud Memorial Probashi Chess-ch 202"]
[Site "Dhaka"]
[Date "2022.02.12"]
[Round "8.10"]
[White "Masum, Hossain"]
[Black "abzid, Rahman"]
[Result "1/2-1/2"]
[ECO "D93"]
[WhiteElo "2003"]
[BlackElo "2106"]
[Annotator "ChessBase"]
[PlyCount "97"]
[EventDate "2022.02.06"]
[EventCountry "BAN"]
[SourceTitle "playchess.com"]
[Source "ChessBase"]
[SourceQuality "1"]
[TimeControl "5400+30"]

1. d4 d5 2. c4 c6 3. Nf3 Nf6 4. Nc3 g6 5. Bf4 Bg7 6. e3 O-O 7. h3 Bf5 8. c5 Nbd7 9. Bd3 Ne4 10. Qc2 Qa5 11. O-O e5 12. Nxe5 Nxe5 13. Bxe5 Bxe5 14. dxe5 Qxc5 15. Nxe4 Qxc2 16. Nf6+ Kg7 17. Bxc2 Bxc2 18. Rac1 Bf5 19. g4 Bd3 20. Rfd1 Ba6 21. f4 h5 22. gxh5 Be2 23. Rd2 Bxh5 24. Kf2 Rh8 25. Rg1 Kf8 26. Rg5 Rd8 27. e4 d4 28. Rg3 Ke7 29. Ra3 Ke6 30. Rxa7 g5 31. fxg5 Kxe5 32. Rxb7 Bg6 33. Kg3 d3 34. Re7+ Kd4 35. h4 Ke3 36. Rh2 d2 37. Ng4+ Kd3 38. Ne5+ Kc2 39. Nf3 Rd3 40. Rc7 Rhd8 41. Rxc6+ Kxb2 42. Rxd2+ Rxd2 43. Nxd2 Rxd2 44. e5 Rd3+ 45. Kf2 Rd2+ 46. Ke3 Rd3+ 47. Kf2 Rd2+ 48. Kg3 Rd3+ 49. Kf2 1/2-1/2

[Event "Al Mahmud Memorial Probashi Chess-ch 202"]
[Site "Dhaka"]
[Date "2022.02.13"]
[Round "9.4"]
[White "Anata, Choudhury"]
[Black "Mehdi Hasan Parag"]
[Result "1-0"]
[ECO "C84"]
[WhiteElo "2170"]
[BlackElo "2258"]
[Annotator "NA"]
[PlyCount "121"]
[EventDate "2022.02.06"]
[EventCountry "BAN"]
[SourceTitle "playchess.com"]
[Source "ChessBase"]
[SourceQuality "1"]
[TimeControl "5400+30"]

1. e4 e5 2. Nf3 Nc6 3. Bb5 a6 4. Ba4 Nf6 5. O-O Be7 6. d3 b5 7. Bb3 d6 8. a4 Bd7 9. c3 O-O 10. Bc2 Rb8 11. Re1 h6 12. Nbd2 b4 13. d4 bxc3 $11 14. bxc3 exd4 15. cxd4 Nb4 16. Bb1 d5 17. e5 Nh7 18. h3 Be6 19. Nf1 Qd7 20. Ng3 Rfc8 21. Be3 c5 22. dxc5 Bxc5 23. Nd4 Bxd4 24. Bxd4 Nc6 25. Be3 d4 26. Bf4 Nf8 27. Nh5 Qe7 28. Bg3 Rb2 29. Be4 Rb4 30. Nf4 Na5 31. Nd3 Rbc4 32. Bf4 Qd7 33. Bd2 Nb7 34. Qf3 Nd8 35. a5 Rc2 36. Red1 Ng6 37. Nb4 Rb2 38. Nxa6 Rb3 39. Qh5 Bd5 40. e6 Bxe6 41. Nb4 Rb8 42. Nd3 R3b5 43. Qe2 f5 44. Bf3 Bc4 45. a6 Nc6 46. Rdc1 Bxd3 47. Qxd3 Nce5 48. Qe2 Nxf3+ 49. Qxf3 Ne5 50. Qg3 Nc6 51. Bxh6 Rb3 52. Qxg7+ Qxg7 53. Bxg7 R3b6 54. Bh6 Ra8 55. Rc5 d3 56. Rd1 Nb4 57. Bd2 Nxa6 58. Rd5 Rb3 59. Ba5 Nb8 60. R5xd3 Nc6 61. Rxb3 1-0

[Event "Al Mahmud Memorial Probashi Chess-ch 202"]
[Site "Dhaka"]
[Date "2022.02.13"]
[Round "9.5"]
[White "Abu Sufian, Shakil"]
[Black "Rahman, Syed Mahfuzur"]
[Result "1-0"]
[ECO "B51"]
[WhiteElo "2232"]
[BlackElo "2099"]
[Annotator "NA"]
[PlyCount "141"]
[EventDate "2022.02.06"]
[EventCountry "BAN"]
[SourceTitle "playchess.com"]
[Source "ChessBase"]
[SourceQuality "1"]
[TimeControl "5400+30"]

1. e4 c5 2. Nf3 Nc6 3. Bb5 d6 4. O-O Bd7 5. Re1 a6 6. Bf1 Bg4 $11 7. h3 Bh5 (7... Bxf3 $11 8. Qxf3 g6) 8. c3 Nf6 9. d3 e6 10. Nbd2 Be7 11. g4 Bg6 12. Nh4 Nd7 13. Nxg6 hxg6 14. Nf3 Nde5 15. Nh2 g5 16. d4 Ng6 17. Nf3 Nh4 18. Nxh4 Rxh4 19. Be3 Qc7 20. Qd2 f6 21. a3 Kf7 22. f4 cxd4 23. cxd4 gxf4 24. Bxf4 e5 25. dxe5 dxe5 26. Be3 Nd4 27. Qf2 Rah8 28. Rac1 Qd7 29. Bxd4 Qxd4 30. Qxd4 exd4 31. Rc7 Ke6 32. Rxb7 Bd6 33. Rxg7 d3 34. Rd1 Bc5+ 35. Kh1 Bf8 36. Ra7 Rxg4 37. Rxd3 Rxe4 38. Rxa6+ Ke5 39. Rf3 Rh6 40. b4 Bxb4 41. axb4 Rxb4 42. Ra5+ Ke6 43. Raf5 Rb1 44. Kh2 Rb2+ 45. Rf2 Rxf2+ 46. Rxf2 Kf7 47. Bd3 Rh5 48. Bf5 Kg7 49. Rf4 Rh8 50. Kg3 Ra8 51. Rg4+ Kh8 52. Rc4 Rg8+ 53. Kf4 Rg5 54. Rc6 Kg7 55. Rc7+ Kg8 56. h4 Rg1 57. Be6+ Kh8 58. Kf5 Rg2 59. Rc8+ Kh7 60. Kxf6 Rg6+ 61. Ke5 Rg1 62. Bf5+ Kg7 63. Rc7+ Kh8 64. Kf6 Rg7 65. Rc4 Rf7+ 66. Kg5 Rf8 67. Be6 Re8 68. Kf6 Rb8 69. Rc5 Rb7 70. Rc8+ Kh7 71. Bf5+ 1-0